 Dungeon Crawl Stone Soup version 0.29.0-13-gc9e81de378 (webtiles) character file.

Game seed: 8514514306144405664

4988 MirrMurr the Spear-Bearer (level 10, -4/80 HPs)
             Began as a Demonspawn Berserker on Sept 9, 2022.
             Was a Priest of Trog.
             Slain by a death yak (18 damage)
             ... on level 8 of the Dungeon.
             The game lasted 00:18:33 (10116 turns).

MirrMurr the Spear-Bearer (Demonspawn Berserker)   Turns: 10116, Time: 00:18:34

Health: -4/80      AC: 14    Str: 29    XL:     10   Next: 29%
Magic:  10/10      EV: 15    Int:  9    God:    Trog [***...]
Gold:   333        SH:  0    Dex: 13    Spells: 9/9 levels left

rFire   . . .      SeeInvis .   a - +1 trident
rCold   . . .      Faith    .   (no shield)
rNeg    . . .      Spirit   .   h - +7 chain mail "Odghepyer" {Contam rPois Str+2 Stlth+}
rPois   +          Reflect  .   z - +0 hat
rElec   .          Harm     .   D - +2 cloak
rCorr   .          Rampage  .   (no gloves)
Will    +++..                   (boots unavailable)
Stlth   ..........              (no amulet)
HPRegen 1.23/turn               g - ring of Curiosity {*Corrode Will+ Str+6 Slay+4}
MPRegen 0.12/turn               E - +4 ring of evasion

@: strong-willed, corroded, regenerating
A: antennae 2, hooves 3, foul stench 1, weakness stinger 1
a: Renounce Religion, Berserk, Trog's Hand


You were on level 8 of the Dungeon.
You worshipped Trog.
Trog was most pleased with you.
You visited 1 branch of the dungeon, and saw 8 of its levels.

You collected 333 gold pieces.

Inventory:

Hand Weapons
 a - a +1 trident (weapon)
Missiles
 c - 10 poisoned darts
 d - 55 stones (quivered)
 l - 6 atropa-tipped darts
 v - 8 boomerangs
Armour
 h - the +7 chain mail "Odghepyer" (worn) {Contam rPois Str+2 Stlth+}
   (You found it on level 5 of the Dungeon)

   Str:       It affects your strength (+2).
   rPois:     It protects you from poison.
   Contam:    It causes magical contamination when unequipped.
   Stlth:     It makes you more stealthy.
 z - a +0 hat (worn)
 D - a +2 cloak (worn)
Jewellery
 g - the ring of Curiosity (left hand) {*Corrode Will+ Str+6 Slay+4}
   (You found it on level 3 of the Dungeon)

   [ring of strength]

   Str:       It affects your strength (+6).
   Slay:      It affects your accuracy & damage with ranged weapons and melee
   (+4).
   *Corrode:  It may corrode you when you take damage.
   Will:      It increases your willpower.
 s - a ring of positive energy
 x - a ring of see invisible
 B - a ring of flight
 E - a +4 ring of evasion (right hand)
Wands
 i - a wand of mindburst (14)
 j - a wand of flame (25)
 t - a wand of digging (5)
Scrolls
 b - 4 scrolls of vulnerability
 m - a scroll of magic mapping
 C - a scroll of silence
 F - a scroll of immolation
Potions
 e - a potion of lignification
 f - 3 potions of curing
 n - 4 potions of haste
 o - a potion of invisibility {unknown}
 p - 2 potions of cancellation
 q - a potion of brilliance {unknown}
 r - 3 potions of flight
 u - a potion of attraction {unknown}
 w - a potion of heal wounds {unknown}
 A - a potion of might {unknown}


   Skills:
 + Level 8.2 Fighting
 * Level 10.3 Polearms
 - Level 1.7 Armour
 + Level 7.2 Dodging


You had 9 spell levels left.
You didn't know any spells.
Your spell library was empty.

Dungeon Overview and Level Annotations

Branches:
Dungeon (8/15)             Temple (0/1) D:6
   Lair: D:8-11

Altars:
Nemelex Xobeh
Ru
Wu Jian

Shops:
D:4 (


Innate Abilities, Weirdness & Mutations

You have a pair of antennae on your head.
You have hooves in place of feet.
You may rarely emit foul miasma when damaged in melee.
You have a small tail.


Message History

The death yak is almost dead.
The death yak snorts and paws the water.
The death yak closely misses you.
You puncture the death yak!
You kill the death yak!
Trog accepts your kill.
You reach to attack!
You barely miss the death yak. You puncture the death yak!
You kick the death yak!
You tail-slap the death yak, but do no damage.
The death yak is moderately wounded.
The death yak barely misses you.
You hit the death yak but do no damage. You kick the death yak.
The death yak is moderately wounded.
The death yak gores you!!
You emit a cloud of foul miasma!
You are too injured to fight recklessly!
You are too injured to fight recklessly!
Your skin crawls.
You feel strong-willed.
You can no longer call in reinforcements.
The death yak is engulfed in dark miasma.
The death yak is poisoned.
The death yak seems to slow down.
The death yak gores you!
* * * LOW HITPOINT WARNING * * *
Your corrosive artefact corrodes you!
Unknown command.
You hit the death yak. You kick the death yak.
The death yak is moderately wounded.
You hit the death yak but do no damage. Your kick misses the death yak.
The death yak is moderately wounded.
The death yak is engulfed in dark miasma.
The death yak looks even sicker.
The death yak gores you.
* * * LOW HITPOINT WARNING * * *
You hit the death yak.
The death yak is heavily wounded.
You hit the death yak.
The death yak is heavily wounded.
The death yak is engulfed in dark miasma.
The death yak looks even sicker.
The death yak seems to slow down.
The death yak gores you!!
You die...

PP~.P######...#
#♣♣~~~~~~P~~~~.#
~.P##........##
#♣♣~~~~≈~♣~♣~♣.# ##.
#.######.# #~♣~~P≈≈≈≈~~~♣.#
) #.# ####.#
♣♣~~~≈≈≈≈≈≈~~~.# #.###.#..#
♣~~≈≈≈≈≈≈≈~~~~# #.#~~~~.##
#♣Y{≈≈r≈≈≈≈≈~~♣♣#
#.#.~~~.####h♣~~≈≈≈≈≈≈≈≈~♣~#
#...~♣.....#Y♣~≈≈≈≈≈≈≈≈≈~~~
###.~P#.##.@♣♣~≈≈≈≈≈≈≈≈~~~♣#
#####.##..♣♣~~≈≈≈≈≈≈≈~~~~†
##.##..♣♣~♣~≈≈≈≈≈≈≈~~♣.
#..##..P♣~~~≈≈≈≈≈≈~~♣♣#
#.###.>.♣††~~≈≈≈≈♣~~~~# ##.#
#..#~y~~~P≈~~~~~♣.#
#..###..#~~~♣~~~~P~~~♣.#
#.#.....#♣♣~~~♣~~~P~~♣.. #.#
#.#.##..##~~P~~~~P~~♣♣..


You could see 2 death yaks and a black bear.

Vanquished Creatures
  A death yak (D:8)
  Pikel (D:7)
  Prince Ribbit (D:6)
  A wyvern (D:8)
  A steam dragon (D:6)
  Menkaure (D:7)
  3 vampire mosquitoes (D:8)
  A sky beast (D:6)
  2 ice beasts (D:6)
  2 orc warriors
  An ogre (D:6)
  2 centaurs
  2 phantoms (D:4)
  Blork the orc (D:5)
  4 bullfrogs
  4 necrophages
  2 scorpions
  7 wights (D:7)
  4 killer bees (D:5)
  6 electric eels (D:8)
  Crazy Yiuf (D:7)
  A jelly (D:6)
  A gnoll bouda (D:7)
  2 orc priests
  2 hounds (D:7)
  Terence (D:3)
  3 iguanas
  5 orc wizards
  A hell rat (D:8)
  7 gnolls
  5 adders
  2 white imps
  An ufetubus (D:6)
  A dart slug (D:1)
  A worm (D:2)
  24 orcs
  8 ball pythons
  7 bats
  4 endoplasms
  2 giant cockroaches
  9 goblins
  7 hobgoblins
  6 kobolds
  7 quokkas
  9 frilled lizards
  9 rats
173 creatures vanquished.

Vanquished Creatures (others)
  50 plants
50 creatures vanquished.

Grand Total: 223 creatures vanquished

Notes
Turn   | Place    | Note
-------+----------+-------------------------------------------
     0 | D:1      | MirrMurr the Demonspawn Berserker began the quest for the
                  | Orb.
     0 | D:1      | Reached XP level 1. HP: 18/18 MP: 1/1
   160 | D:1      | Reached skill level 3 in Polearms
   160 | D:1      | Discovered your monstrous ancestry.
   160 | D:1      | Gained mutation: You have large cloven feet. [demonic
                  | ancestry]
   160 | D:1      | Reached XP level 2. HP: 16/24 MP: 2/2
   865 | D:1      | Gained mutation: You have a small tail. [demonic ancestry]
   865 | D:1      | Reached XP level 3. HP: 23/29 MP: 3/3
  1257 | D:2      | Reached ** piety under Trog
  2150 | D:3      | Gained mutation: You have a pair of small antennae on your
                  | head. [demonic ancestry]
  2150 | D:3      | Reached XP level 4. HP: 35/35 MP: 4/4
  2751 | D:3      | Identified the ring of Curiosity {*Corrode Will+ Str+6
                  | Slay+4}
  2799 | D:3      | Reached skill level 4 in Polearms
  2862 | D:3      | Found a sacrificial altar of Ru.
  2899 | D:3      | Found an ornate altar of the Wu Jian Council.
  2932 | D:3      | Noticed Terence
  2938 | D:3      | Killed Terence
  2939 | D:3      | Reached XP level 5. HP: 42/42 MP: 5/5
  3970 | D:4      | Noticed a phantom
  4004 | D:4      | Killed a phantom
  4005 | D:4      | Gained mutation: You have a pair of antennae on your head.
                  | [demonic ancestry]
  4005 | D:4      | Reached XP level 6. HP: 42/48 MP: 6/6
  4072 | D:4      | Reached skill level 5 in Polearms
  4495 | D:4      | Found Geggio's Weapon Boutique.
  4507 | D:4      | Gained mutation: You have hoof-like feet. [demonic
                  | ancestry]
  4507 | D:4      | Reached XP level 7. HP: 55/55 MP: 7/7
  4821 | D:5      | Entered Level 5 of the Dungeon
  5267 | D:5      | Reached skill level 5 in Fighting
  5269 | D:5      | Reached skill level 6 in Polearms
  6050 | D:5      | Identified the +7 chain mail "Odghepyer" {Contam rPois
                  | Str+2 Stlth+}
  6093 | D:5      | Noticed Blork the orc
  6097 | D:5      | Killed Blork the orc
  6098 | D:5      | Gained mutation: You may rarely emit foul miasma when
                  | damaged in melee. [demonic ancestry]
  6098 | D:5      | Reached XP level 8. HP: 63/63 MP: 8/8
  6585 | D:6      | Reached skill level 7 in Polearms
  6599 | D:6      | Reached *** piety under Trog
  6619 | D:6      | Reached skill level 5 in Dodging
  6874 | D:6      | Found a staircase to the Ecumenical Temple.
  7035 | D:6      | Noticed Prince Ribbit
  7041 | D:6      | Killed Prince Ribbit
  7042 | D:6      | Reached skill level 8 in Polearms
  7050 | D:6      | Reached XP level 9. HP: 60/71 MP: 9/9
  7761 | D:7      | Noticed Pikel
  7777 | D:7      | Killed Pikel
  7914 | D:7      | Noticed Menkaure
  7919 | D:7      | Reached skill level 9 in Polearms
  7929 | D:7      | Killed Menkaure
  8238 | D:7      | Identified the +6 plate armour of Slovenliness {rElec Int-2
                  | SInv Stlth+}
  8539 | D:7      | Found a runed translucent door.
  8540 | D:7      | Noticed Crazy Yiuf
  8546 | D:7      | Killed Crazy Yiuf
  9309 | D:8      | Gained mutation: You have hooves in place of feet. [demonic
                  | ancestry]
  9309 | D:8      | Reached XP level 10. HP: 8/80 MP: 10/10
  9814 | D:8      | Reached skill level 10 in Polearms
  9953 | D:8      | Noticed a death yak
  9970 | D:8      | Found a sparkling altar of Nemelex Xobeh.
 10022 | D:8      | Reached **** piety under Trog
 10094 | D:8      | Noticed a death yak
 10096 | D:8      | Noticed a death yak
 10108 | D:8      | Killed a death yak
 10116 | D:8      | Slain by a death yak

Illustrated notes

Levels and vault maps discovered:
D:1:      wander_arrival_fairy_ring, layout_loops_ring,
          wad_floor_pattern_untrapped, minmay_misc_feat_enclosed,
          amcnicky_mini_pool_small
D:2:      layout_basic
D:3:      layout_rooms, mainiacjoe_overflow_catch_the_wave, minmay_fountain_box,
          uniq_terence
D:4:      wander_river, layout_basic, serial_shops,
          nicolae_shop_bloodbath_and_beyond
D:5:      layout_basic, uniq_blork_the_orc
D:6:      layout_basic, minmay_temple_entry_gardened_gates,
          minmay_tree_intersection, nicolae_zen_rock_garden,
          minmay_fractal_squares_diagonal_5, uniq_prince_ribbit1
D:7:      layout_loops_ring, minmay_misc_feat_pillars, uniq_pikel,
          uniq_menkaure, uniq_crazy_yiuf_cottage
D:8:      layout_loops_ring, nemelex_xobeh_ov_fountains_minmay,
          dpeg_lair_monsters, serial_bayou, serial_bayou_pond_d,
          serial_bayou_lagoon_a, serial_bayou_shore_a, serial_bayou_lake_a

Skill      XL: |  1  2  3  4  5  6  7  8  9 10 |
---------------+-------------------------------+-----
Polearms       | 3 4 5 6 8 9 10 | 10.3
Dodging        | 2 3 4 5 6 7 |  7.2
Fighting       | 4 5 6 7 8 |  8.2
Armour         | |  1.7

Action                   |  1- 3 |  4- 6 |  7- 9 | 10-12 || total
-------------------------+-------+-------+-------+-------++-------
Melee: Spear             |   128 |     1 |       |       ||   129
       Kick              |     9 |    27 |    28 |    12 ||    76
       Tailslap          |     4 |     8 |    23 |     9 ||    44
       Trident           |       |   101 |   229 |    56 ||   386
       Punch             |       |       |     1 |       ||     1
Invok: Berserk           |     2 |     3 |     4 |       ||     9
       Trog's Hand       |       |       |     3 |     1 ||     4
  Use: Scroll            |       |    15 |     5 |     1 ||    21
 Stab: Sleeping          |     5 |       |       |       ||     5
       Distracted        |     1 |       |       |       ||     1
Armor: Animal skin       |    14 |       |       |       ||    14
       Ring mail         |       |     6 |       |       ||     6
       Chain mail        |       |    22 |    63 |     9 ||    94
Dodge: Dodged            |    47 |    25 |    81 |    36 ||   189
